 Dungeon Crawl Stone Soup version 0.15-a0-481-g5350d32 (webtiles) character file.

51 Infinimo the Ruinous (level 3, -6/24 HPs)
             Began as a Mummy Conjurer on May 8, 2014.
             Killed from afar by Ijyb (12 damage)
             ... with a wand of flame
             ... on Level 2 of the Dungeon.
             The game lasted 00:04:15 (1961 turns).

Infinimo the Ruinous (Mummy Conjurer)               Turns: 1961, Time: 00:04:15

HP  -6/24        AC  3     Str 11      XL: 3   Next: 58%
MP   0/6         EV 12     Int 15      God:
Gold 32          SH  0     Dex 12      Spells:  2 memorised,  3 levels left

rFire  x . .     SeeInvis .     (no weapon)
rCold  + . .     Clarity  .     a - +1 robe
rNeg   + + +     Conserve .     (no shield)
rPois  +         rCorr    .     (no helmet)
rElec  .         rRot     +     (no cloak)
SustAb . .       Spirit   .     (no gloves)
rMut   .         Warding  .     (no boots)
Saprov . . .     Stasis   .     (no amulet)
MR     .....                    (no ring)
                                (no ring)

@: not resistant to hostile enchantments, unstealthy
A: no food or potions, fire vulnerability, restore body, cold resistance 1, life
protection 3, poison resistance, torment resistance, unbreathing
a: no special abilities


You were on level 2 of the Dungeon.
You were not hungry.

You visited 1 branch of the dungeon, and saw 2 of its levels.

You collected 32 gold pieces.

Inventory:

Armour
 a - a +1 robe (worn)
Scrolls
 b - a scroll of identify {unknown}
Books
 c - a book of Conjurations

   Spells                             Type                      Level
   *Magic Dart                        Conjuration                  1
   *Searing Ray                       Conjuration                  2
   Dazzling Spray                     Conjuration/Hexes            3
   Fulminant Prism                    Conjuration/Hexes            4
   Iskenderun's Mystic Blast          Conjuration                  4
   Iskenderun's Battlesphere          Conjuration/Charms           5


   Skills:
 - Level 1.5 Dodging
 - Level 1.5 Stealth
 - Level 2.0 Spellcasting
 + Level 4.4 Conjurations


You had 3 spell levels left.
You knew the following spells:

 Your Spells              Type           Power        Failure   Level  Hunger
a - Magic Dart            Conj           ##..         4%          1    N/A
b - Searing Ray           Conj           ##....       8%          2    N/A

Dungeon Overview and Level Annotations

Branches:
Dungeon (2/15)

Altars:

Annotations:
D:2 Ijyb, Terence


Innate Abilities, Weirdness & Mutations

You do not eat or drink.
Your flesh is vulnerable to fire.
Your flesh is cold resistant.
You are immune to negative energy.
Your system is resistant to poisons.
You are immune to unholy pain and torment.
You can survive without breathing.


Message History

Casting: Searing Ray
Confirm with . or Enter, or press ? or * to list all spells.
Aiming: Searing Ray
Press: ? - help, Shift-Dir - straight line, f - Ijyb
Aim: Ijyb, wielding a club The searing ray hits Ijyb.
Ijyb is lightly wounded.
Casting: Searing Ray
Confirm with . or Enter, or press ? or * to list all spells.
Aiming: Searing Ray
Press: ? - help, Shift-Dir - straight line, f/p - Ijyb
Aim: Ijyb, wielding a club (lightly wounded)
The searing ray hits Ijyb.
Ijyb is moderately wounded.
Ijyb zaps a wand.
The puff of flame hits you! The fire burns you terribly!
Ouch! That really hurt!
* * * LOW HITPOINT WARNING * * *
Ijyb zaps a wand.
The puff of flame hits you! The fire burns you terribly!
Ouch! That really hurt!
You die...

#..# #....# #..###.#..#
# #......#..#.#
#.##.###..#.#
#.##<.......#
#.######..###
#####.#####.........#
.....@.g..#########.#
###...###@.........)# #.
#!.########.# # #..# #.#
.# #..#### #.# .#.
#.....# #.###.#. ##.##.#
###.%..... #.##.#
#......... #.##.#
#...#.#.#.
#.######.##.###.#.......


You could see Ijyb and Terence.

Vanquished Creatures
  An adder (D:2)
  A worm (D:1)
  2 oozes (D:1)
  A ball python (D:1)
  5 hobgoblins
  8 bats
  A giant cockroach (D:1)
  2 giant geckos
  3 giant newts (D:1)
  3 goblins
  4 kobolds (D:1)
  3 rats (D:1)
34 creatures vanquished.

Notes
Turn   | Place    | Note
--------------------------------------------------------------
     0 | D:1      | Infinimo, the Mummy Conjurer, began the quest for the Orb.
     0 | D:1      | Reached XP level 1. HP: 13/13 MP: 3/3
   342 | D:1      | Reached XP level 2. HP: 19/19 MP: 0/4
   869 | D:1      | Reached skill level 4 in Conjurations
  1183 | D:1      | Reached XP level 3. HP: 24/24 MP: 4/6
  1847 | D:2      | Learned a level 2 spell: Searing Ray
  1956 | D:2      | Noticed Terence
  1957 | D:2      | Noticed Ijyb
  1961 | D:2      | Killed from afar by Ijyb

Action                   || total
-------------------------++-------
Melee: Unarmed           ||    13
 Cast: Magic Dart        ||   100
       Searing Ray       ||     3
  Use: Scroll            ||     3
